 Dungeon Crawl Stone Soup version 0.18-b1-14-g029dad2 (webtiles) character file.

240 varam the Ruffian (level 5, 1/49 HPs)
             Began as a Troll Transmuter on Apr 29, 2016.
             Quit the game on level 3 of the Dungeon on Apr 30, 2016.
             The game lasted 00:14:09 (1620 turns).

varam the Ruffian (Troll Transmuter)                Turns: 1620, Time: 00:14:10

Health: 1/49       AC:  5    Str: 18    XL:     5   Next: 79%
Magic:  4/5        EV: 10    Int:  9    God:
Gold:   92         SH:  0    Dex: 11    Spells: 2 memorised, 0 levels left

rFire  . . .     SeeInvis .       - Unarmed
rCold  . . .     Gourm    +     p - +0 robe (curse)
rNeg   . . .     Faith    .     (no shield)
rPois  .         Spirit   .     (helmet restricted)
rElec  .         Dismiss  .     (no cloak)
rCorr  .         Reflect  .     (gloves unavailable)
SustAt .         Harm     .     (boots unavailable)
MR     .....                    (no amulet)
Stlth  +.........               (no ring)
                                (no ring)

@: lethally poisoned (1 -> -7), appendage (expiring), not resistant to hostile
enchantments, very unstealthy
A: unfitting armour, claws 3, horns 2, fast metabolism 3, gourmand, regeneration
2, shaggy fur 1, tough skin 2
a: End Transformation


You were on level 3 of the Dungeon.
You were very full.
You had grown temporary horns.
You visited 1 branch of the dungeon, and saw 3 of its levels.

You collected 92 gold pieces.

Inventory:

Missiles
 a - 65 arrows
Armour
 p - a cursed +0 robe (worn)
Jewellery
 f - an uncursed ring of protection from cold {unknown}
Scrolls
 e - a scroll of teleportation {unknown}
 g - 3 scrolls of enchant weapon {unknown}
 j - 4 scrolls of identify {unknown}
 l - a scroll of noise {unknown}
 q - a scroll of fog {unknown}
Potions
 b - 2 potions of curing {unknown}
 h - a potion of agility {unknown}
 i - a potion of invisibility {unknown}
 m - 2 potions of resistance {unknown}
Books
 c - a book of Changes

   Spells                             Type                      Level
   a - Beastly Appendage              Transmutation                1
   b - Sticks to Snakes               Transmutation                2
   c - Spider Form                    Transmutation/Poison         3
   d - Ice Form                       Ice/Transmutation            4
   e - Blade Hands                    Transmutation                5
Comestibles
 d - 3 bread rations
 k - 10 chunks of flesh
 n - a meat ration
 o - a beef jerky


   Skills:
 + Level 2.0 Fighting
 + Level 3.2 Dodging
 * Level 5.0 Unarmed Combat
 - Level 1.2 Spellcasting
 - Level 1.3 Transmutations


You couldn't memorise any spells.
You knew the following spells:

 Your Spells              Type           Power        Failure   Level  Hunger
a - Beastly Appendage     Trmt           #.....       21%         1    ##.....
b - Blade Hands           Trmt           #.........   100%        5    ######.


Dungeon Overview and Level Annotations

Branches:
Dungeon (3/15)

Altars:
Yredelemnul


Innate Abilities, Weirdness & Mutations

You are too large for most types of armour.
You have claws for hands.
Your metabolism is lightning-fast.
You like to eat raw meat.
You heal very quickly.
You are covered in fur (AC +1).
You have very tough skin (AC +2).
You have a pair of horns on your head.


Message History

You feel sick.
The killer bee stings you but does no damage.
You feel sick.
You feel sick. The killer bee closely misses you.
The killer bee barely misses you. x2
You feel sick. The killer bee stings you.
* * * LOW HITPOINT WARNING * * *
You are more poisoned.
The killer bee poisons you!
You are too injured to fight recklessly!
You are too injured to fight recklessly!
You are too injured to fight recklessly!
Unknown command.
Unknown command.
You are too injured to fight recklessly!
You are too injured to fight recklessly!
You are too injured to fight recklessly!
Welcome back, varam the Troll Transmuter.
Press ? for a list of commands and other information.
Are you sure you want to abandon this character and quit the game? (Confirm with "yes".)

... #....# . ###†##
#.## #..# ##y# #.##
.##. #yy# ... ##y#
..## #@# ..# #.# #.#
####.#######
#.###..........#
#...#..........#
#.#####.#............#
#....<...#...........#
###########...†......#
#..........#


You could see 4 killer bees.

Vanquished Creatures
  2 killer bees (D:3)
  A howler monkey (D:2)
  3 adders
  An ooze (D:3)
  3 worms
  3 dart slugs (D:1)
  3 giant geckos
  3 orcs
  5 bats
  8 giant cockroaches
  4 goblins
  8 hobgoblins
  A quokka (D:2)
  A ball python (D:2)
  3 giant newts
  12 kobolds
  4 rats
65 creatures vanquished.

Notes
Turn   | Place    | Note
--------------------------------------------------------------
     0 | D:1      | varam the Troll Transmuter began the quest for the Orb.
     0 | D:1      | Reached XP level 1. HP: 18/18 MP: 1/1
   210 | D:1      | Reached XP level 2. HP: 25/26 MP: 2/2
   249 | D:1      | Reached skill level 1 in Fighting
   410 | D:1      | Reached XP level 3. HP: 32/33 MP: 1/3
   847 | D:2      | Found a basalt altar of Yredelemnul.
  1193 | D:2      | Reached skill level 4 in Unarmed Combat
  1377 | D:3      | Reached XP level 4. HP: 26/41 MP: 2/4
  1472 | D:3      | Reached XP level 5. HP: 34/48 MP: 3/5
  1506 | D:3      | Learned a level 5 spell: Blade Hands
  1608 | D:3      | Reached skill level 5 in Unarmed Combat
  1619 | D:3      | HP: 1/49 [killer bee (5)]
  1620 | D:3      | Upgraded the game from 0.18-b1-10-g3f7de93 to 0.18-b1-14-g029dad2
  1620 | D:3      | Quit the game

Skill      XL: |  1  2  3  4  5 |
---------------+----------------+-----
Fighting       | 1 2 |  2.0
Dodging        | 2 3 |  3.2
Unarmed Combat | 4 5 |  5.0
Spellcasting   | |  1.2
Transmutations | |  1.3

Action                   |  1- 3 |  4- 6 || total
-------------------------+-------+-------++-------
Melee: Unarmed           |   114 |    57 ||   171
       Headbutt          |     5 |     6 ||    11
       Kick              |     2 |       ||     2
       Punch             |     2 |       ||     2
 Cast: Beastly Appendage |    22 |     7 ||    29
 Stab: Sleeping          |     1 |       ||     1
  Eat: Chunk             |    19 |     2 ||    21
Armor: Robe              |    42 |    43 ||    85
Dodge: Dodged            |    72 |    48 ||   120
